 Dungeon Crawl Stone Soup version 0.31-a0-202-g547052bce9 (webtiles) character file.

Game seed: 4428210621743032611

51 qw the Shooter (level 3, -9/20 HPs)
             Began as a Deep Elf Hunter on June 25, 2023.
             Mangled by a gnoll
             ... wielding a +0 halberd
              (14 damage)
             ... on level 2 of the Dungeon.
             The game lasted 00:00:17 (1171 turns).

qw the Shooter (Deep Elf Hunter)                    Turns: 1171, Time: 00:00:18

Health: -9/20      AC:  5    Str: 10    XL:     3   Next: 58%
Magic:  5/5        EV: 11    Int: 13    God:
Gold:   83         SH:  0    Dex: 18    Spells: 2/2 levels left

rFire   . . .        c - +0 arbalest
rCold   . . .        (shield currently unavailable)
rNeg    . . .        d - +0 ring mail
rPois   .            (no helmet)
rElec   .            (no cloak)
rCorr   .            (no gloves)
SInv    .            (no boots)
Will    .....        (no amulet)
Stlth   +            (no ring)
HPRegen 0.23/turn    (no ring)
MPRegen 0.09/turn

%: no passive effects
@: no status effects
A: no striking features
a: no special abilities


You were on level 2 of the Dungeon.
You visited 1 branch of the dungeon, and saw 2 of its levels.

You collected 83 gold pieces.


   Skills:
 - Level 1.5 Fighting
 + Level 7.1 Ranged Weapons
 - Level 2.4 Dodging
 - Level 1.2 Stealth


You had 2 spell levels left.
You didn't know any spells.
Your spell library was empty.

Inventory:

Hand Weapons
 c - a +0 arbalest (weapon)
Armour
 d - a +0 ring mail (worn)
Jewellery
 a - a ring of poison resistance
 e - a ring of protection from cold
 h - an amulet of regeneration
Scrolls
 g - a scroll of enchant armour {unknown}
Potions
 b - a potion of mutation {unknown}
 f - a potion of lignification {unknown}

Dungeon Overview and Level Annotations

Branches:
Dungeon (2/15)

Altars:

Annotations:
D:2 exclusion: gnoll


Message History

Enter note: An endoplasm comes into view.
Enter note: You shoot a bolt.
The bolt hits the endoplasm!
You kill the endoplasm!
h - an amulet of regeneration
Enter note: A ball python comes into view.
Enter note: You shoot a bolt.
The ball python hisses angrily.
The bolt hits the ball python!
You kill the ball python!
Found a stone staircase leading down.
Enter note: 3 gnolls come into view.
The gnoll shouts! x3
There is a stone staircase leading down here.
Enter note:
Enter note: You shoot a bolt.
The bolt hits the gnoll!
You kill the gnoll!
You shoot a bolt. The bolt barely misses the gnoll.
The bolt hits the gnoll!!
You kill the gnoll!
The gnoll barely misses you.
The gnoll hits you from afar with a +0 halberd.
Your Ranged Weapons skill increases to level 7!
You shoot a bolt. The bolt barely misses the gnoll.
The gnoll closely misses you. The gnoll barely misses you.
You shoot a bolt. The bolt closely misses the gnoll.
The gnoll hits you from afar with a +0 halberd!
Ouch! That really hurt!
Enter note:
1171 ||| UPGRADING to amulet of regeneration.
You start putting on your amulet.
You continue putting on your amulet of regeneration.
The gnoll hits you from afar with a +0 halberd!
Keep equipping yourself?
Ouch! That really hurt!
You die...

.....###...#####.#
..............# ##
###.##..##........#
#.##.#######.##.. #....#
..#. #..### #.#. #. #..#
..# #?.. #.## #.##...#
##.# ######@...####
##..#######.............
...........#######g#####
.....##...## .)#
........### .+ .##.#####
.# .##.# # .##.#
########## .##.#
##........#


You could see a gnoll.

Vanquished Creatures
  2 gnolls (D:2)
  A worm (D:2)
  4 endoplasms (D:2)
  A giant cockroach (D:1)
  A goblin (D:1)
  4 hobgoblins (D:1)
  2 kobolds (D:1)
  A quokka (D:1)
  4 ball pythons
  3 bats (D:1)
  A frilled lizard (D:2)
  5 rats
29 creatures vanquished.

Notes
Turn   | Place    | Note
-------+----------+-------------------------------------------
     0 | D:1      | qw the Deep Elf Hunter began the quest for the Orb.
     0 | D:1      | Reached XP level 1. HP: 12/12 MP: 3/3
     0 | D:1      | 0 ||| qw: Version: 0.3-a-22-g0ed2b0b
     0 | D:1      | 0 ||| qw: Game counter: 5736
     0 | D:1      | 0 ||| qw: Melee chars always use a shield: true
     0 | D:1      | 0 ||| qw: God list: Okawaru
     0 | D:1      | 0 ||| qw: Allow faded altars: false
     0 | D:1      | 0 ||| qw: Do Orc after clearing Dungeon:15 true
     0 | D:1      | 0 ||| qw: Do second Lair branch before Depths: true
     0 | D:1      | 0 ||| qw: Lair rune preference: random
     0 | D:1      | 0 ||| qw: Goals: Normal
     0 | D:1      | 0 ||| PLANNING D:1-11
   307 | D:1      | Reached skill level 6 in Ranged Weapons
   307 | D:1      | Reached XP level 2. HP: 16/16 MP: 4/4
   919 | D:1      | 919 ||| UPGRADING to +0 ring mail.
   929 | D:1      | 929 ||| DROPPING +0 leather armour.
   930 | D:1      | 930 ||| READING scroll labelled IHUICY LYRERCHE.
   931 | D:1      | 931 ||| READING scroll labelled DIEXKA SATIUP.
   932 | D:1      | 932 ||| DROPPING scroll of butterflies.
   984 | D:2      | 984 ||| SWAPPING to +0 arbalest.
   985 | D:2      | 985 ||| DROPPING +1 shortbow.
  1085 | D:2      | Reached XP level 3. HP: 20/20 MP: 5/5
  1169 | D:2      | Reached skill level 7 in Ranged Weapons
  1170 | D:2      | HP: 5/20 [gnoll/+0 halberd (12)]
  1171 | D:2      | 1171 ||| UPGRADING to amulet of regeneration.
  1171 | D:2      | Mangled by a gnoll

Levels and vault maps discovered:
D:1:      dpeg_arrival_lava_temple_mockup, layout_loops_corners
D:2:      layout_rooms, dilly_ecumenical_altar_fadedgnrine,
          minmay_misc_feat_tiny, minmay_stone_trees_medium, grunt_ministairs_5,
          amcnicky_mini_corridor_feature

Skill      XL: |  1  2  3 |
---------------+----------+-----
Ranged Weapons | 6 7 |  7.1
Fighting       | |  1.5
Dodging        | |  2.4
Stealth        | |  1.2

Action                     || total
---------------------------++-------
   Fire: Shortbow          ||    39
         Arbalest          ||    22
    Use: Scroll            ||     2
 Armour: Leather armour    ||     2
         Ring mail         ||     2
  Dodge: Dodged            ||    16

Table legend:
 A = Non-vault XP
 B = Vault XP
 C = Vault XP percentage of total XP
 D = Non-vault monster count
 E = Vault monster count
 F = Vault count percentage of total count
                 A         B        C        D         E       F
            +---------+---------+-------+---------+---------+-------
      Total |      46 |      28 |  37.8 |      27 |       2 |   6.9
            +---------+---------+-------+---------+---------+-------
        D:1 |      26 |       0 |   0.0 |      17 |       0 |   0.0
        D:2 |      20 |      28 |  58.3 |      10 |       2 |  16.7
            +---------+---------+-------+---------+---------+-------
